 Dungeon Crawl Stone Soup version 0.29.0-4-gdea44cf6ec (webtiles) character file.

Game seed: 12962134128392947959

152524 qw the Severer (level 17, -7/108 HPs)
             Began as a Gargoyle Berserker on Sept 5, 2022.
             Was an Elder of Trog.
             Killed by divine providence
             ... invoked by a balrug
             ... summoned by Asterion
              (12 damage)
             ... on level 2 of the Spider Nest.
             The game lasted 00:12:31 (30972 turns).

qw the Severer (Gargoyle Berserker)                Turns: 30972, Time: 00:12:32

Health: -7/108     AC: 44    Str: 39    XL:     17   Next: 58%
Magic:  17/17      EV: 13    Int: 11    God:    Trog [****..]
Gold:   1666       SH: 20    Dex: 13    Spells: 16/16 levels left

rFire   x . .      SeeInvis .   d - +7 broad axe of Cikleple {venom, rElec Int+3}
rCold   + . .      Faith    .   t - +0 tower shield
rNeg    + . .      Spirit   .   n - +4 plate armour
rPois   inf        Reflect  .   h - +2 helmet
rElec   +          Harm     .   m - +0 cloak
rCorr   .          Rampage  .   l - +2 pair of gloves
Will    +....                   u - +1 pair of boots
Stlth   ..........              k - amulet of regeneration
HPRegen 1.08/turn               z - ring of Qoenonum {Ice Str+10 Dex+4}
MPRegen 0.15/turn               y - +4 ring of evasion

@: about to teleport, on berserk cooldown, flying
A: sickness immunity, AC +12, big wings, negative energy resistance 1,
electricity resistance, torment resistance 1, petrification resistance
a: Renounce Religion, Berserk, Trog's Hand, Brothers in Arms


You were on level 2 of the Spider Nest.
You worshipped Trog.
Trog was greatly pleased with you.
You visited 5 branches of the dungeon, and saw 27 of its levels.

You collected 3302 gold pieces.
You spent 1636 gold pieces at shops.


Innate Abilities, Weirdness & Mutations

You are immune to sickness and miasma.
Your stone body is resilient. (AC +12)
You are immune to poison.
Your large and strong wings let you fly.
You resist negative energy. (rN+)
You are resistant to electric shocks. (rElec)
You are resistant to unholy torment.
You are immune to petrification.


   Skills:
 + Level 13.0 Fighting
 - Level 18.0 Axes
 - Level 6.3 Throwing
 - Level 13.1 Armour
 - Level 5.1 Dodging
 - Level 17.8 Shields


You had 16 spell levels left.
You didn't know any spells.
Your spell library was empty.

Inventory:

Hand Weapons
 d - the +7 broad axe of Cikleple (weapon) {venom, rElec Int+3}
   (You acquired it on level 2 of the Lair of Beasts)

   It poisons the flesh of those it strikes.
   Int:       It affects your intelligence (+3).
   rElec:     It insulates you from electricity.
 r - a +1 demon whip of venom
Missiles
 v - 3 boomerangs (quivered)
Armour
 h - a +2 helmet (worn)
 l - a +2 pair of gloves (worn)
 m - a +0 cloak (worn)
 n - a +4 plate armour (worn)
 t - a +0 tower shield (worn)
 u - a +1 pair of boots (worn)
Jewellery
 k - an amulet of regeneration (around neck)
 p - a ring of protection from fire
 y - a +4 ring of evasion (right hand)
 z - the ring of Qoenonum (left hand) {Ice Str+10 Dex+4}
   (You bought it in a shop on level 2 of the Orcish Mines)

   [ring of ice]

   It enhances your ice magic.
   Str:       It affects your strength (+10).
   Dex:       It affects your dexterity (+4).
   rF:        It makes you vulnerable to fire.
   rC:        It protects you from cold.
 Y - a +4 ring of protection
Wands
 q - a wand of digging (14)
Scrolls
 a - 11 scrolls of identify
 e - 8 scrolls of teleportation
 g - 2 scrolls of enchant weapon
Potions
 b - 6 potions of haste
 c - 4 potions of mutation
 i - 15 potions of curing
 j - a potion of might
 o - 7 potions of cancellation

Dungeon Overview and Level Annotations

Branches:
Dungeon (15/15)            Temple (0/1) D:5            Lair (5/5) D:8
  Swamp (3/4) Lair:2       Spider (2/4) Lair:3        Slime (0/5) Lair:4
    Orc (2/2) D:12            Elf (0/3) Orc:2        Vaults (0/5) D:14
 Depths (0/4) D:15

Altars:
Ashenzari
Cheibriados
Elyvilon
Gozag
Hepliaklqana
Kikubaaqudgha
Makhleb
Nemelex Xobeh
Okawaru
Trog
Uskayaw
Vehumet
Xom
Yredelemnul
The Shining One
Jiyva

Shops:
D:10 (   D:12 (   Orc:2 (!:=

Annotations:
D:12 3 runed translucent doors, MackTheFife's ghost, journeyman OgFi
Spider:2 2 transporters, Asterion; qw's ghost, adept MiBe


Message History

You kill the tarantella!
Trog accepts your kill.
Your surroundings suddenly seem different.
You start resting.
Trog accepts your kill.
You feel a bit more experienced.
Asterion the Fallen King comes into view.
He is wielding a +1 morningstar of holy wrath.
30967 ||| INVOKING Brothers in Arms.
You fail to use your ability.
Asterion bellows!
Asterion mumbles some strange prayers to Makhleb.
30968 ||| INVOKING Brothers in Arms.
Your two-headed ogre goes berserk!
Trog will no longer gift you weapons.
Asterion conjures a destructive force in the name of Makhleb!
The bolt of lightning hits your two-headed ogre!!!
The bolt of lightning hits you! You resist.
Asterion hits your two-headed ogre with a +1 morningstar of holy wrath!!
Asterion gores your two-headed ogre but does no damage.
The balrug gestures at you. Makhleb smites you!
Asterion blocks your two-headed ogre's attack.
Your two-headed ogre hits Asterion with a +0 giant club!
Asterion hits your two-headed ogre with a +1 morningstar of holy wrath!
Asterion gores your two-headed ogre! The balrug gestures at you.
The bolt of fire hits your two-headed ogre!!
Your two-headed ogre dies!
Your two-headed ogre's corpse disappears in a puff of smoke!
The bolt of fire hits you!! The fire burns you terribly!
30971 ||| READING 9 scrolls of teleportation.
As you read the scroll of teleportation, it crumbles to dust.
You feel strangely unstable. The balrug gestures at you. Makhleb smites you!
Asterion blocks your attack.
Asterion is lightly wounded.
You feel yourself speed up. The balrug gestures at you. Makhleb smites you!
You die...

.# #.....#.....
^.$.$......
.....#..... .
..........~~# .# .
...#......~~##.#..
......#^.2#~......
..#......H........
.........@......^.
...#...........#..
.......^%...>...#
.......).##^#...#
.......%%%......#
...............#..
..................
...#..#..........
..#...#..........


You could see Asterion and a balrug (summoned).

Vanquished Creatures
  Nikola (Spider:1)
  Mlioglotl (Spider:1)
  Donald (Spider:2)
  Kirke (D:15)
  Roxanne (D:15)
  A broodmother (Spider:1)
  2 eleionomae
  Azrael (Spider:1)
  4 dire elephants (Lair:5)
  2 bunyips
  A yaktaur captain (D:14)
  Josephine (Lair:4)
  A great orb of eyes (D:15)
  8 hydras
  A ghost crab (Swamp:2)
  3 boulder beetles
  Harold (Lair:2)
  6 alligators
  4 centaur warriors
  A death knight (D:14)
  6 two-headed ogres
  A radroach (Spider:2)
  5 orc high priests (Orc:2)
  A tengu warrior (D:13)
  12 death yaks
  Amaemon (Lair:3)
  A spectral death yak (Lair:5)
  2 pharaoh ants
  9 skeletal warriors
  2 spriggan druids
  3 goliath frogs
  A spectral anaconda (Lair:5)
  2 steelbarb worms (Spider:1)
  3 swamp dragons (Swamp:3)
  8 bog bodies
  Pikel (D:4)
  An obsidian statue (D:10)
  An orc knight (Orc:1)
  A wizard (D:14)
  7 wolf spiders
  A deep elf pyromancer (D:15)
  4 orc sorcerers
  A phantasmal warrior (D:14)
  2 manticores (D:13)
  4 necromancers (Lair:5)
  12 ugly things
  6 cyclopes
  5 will-o-the-wisps
  4 black mambas
  25 elephants
  11 cane toads
  3 torpor snails
  2 efreet
  3 unseen horrors
  An orange demon (Lair:3)
  Maggie (D:6)
  Psyche (D:8)
  2 yaktaurs (D:14)
  14 komodo dragons
  2 demonic crawlers
  4 rime drakes
  A tengu conjurer (D:9)
  6 trolls
  5 polar bears
  A queen bee (shapeshifter) (D:14)
  3 meliai (Spider:2)
  13 blink frogs
  7 dream sheep (Lair:4)
  2 tyrant leeches (Swamp:2)
  3 hornets
  11 tarantellas
  9 slime creatures
  A snapping turtle (shapeshifter) (D:15)
  8 jumping spiders
  6 wyverns
  3 spriggans
  7 culicivoras (Spider:1)
  57 yaks
  2 vampires (D:10)
  9 wraiths
  4 humans
  3 fire elementals (Spider:1)
  2 hogs (D:15)
  2 death yak simulacra (Lair:5)
  Grum (D:8)
  4 basilisks
  A steam dragon (Lair:4)
  10 vampire mosquitoes
  Menkaure (D:5)
  Edmund (D:6)
  5 wargs
  2 spectral cane toads (Lair:5)
  11 swamp worms
  16 redbacks
  2 acid dragons
  Duvessa (D:6)
  A hell hound (Spider:1)
  18 water moccasins
  7 black bears
  5 swamp drakes
  15 orc warriors
  2 sky beasts
  2 elephant zombies (Lair:5)
  29 wolves
  5 ogres
  14 centaurs
  A lemure (D:4)
  A phantom (D:2)
  3 kobold brigands
  2 necrophages (D:6)
  14 bullfrogs
  5 scorpions
  A gnoll sergeant (D:7)
  10 wights
  10 killer bees
  Dowan (D:6)
  6 howler monkeys
  An electric eel (Lair:2)
  2 hounds (D:4)
  15 jellies
  23 orc priests
  4 gnoll boudas
  8 iguanas
  30 orc wizards
  Ijyb (D:4)
  Natasha (thrice) (D:2)
  A mummy (D:6)
  26 gnolls
  6 adders
  A river rat (D:5)
  A shadow imp (D:6)
  An ufetubus (D:4)
  A worm (D:2)
  A dart slug (D:3)
  68 orcs
  9 endoplasms
  4 giant cockroaches
  6 hobgoblins
  6 jackals (D:1)
  4 quokkas
  3 training dummies (D:12)
  7 ball pythons
  6 bats
  A frilled lizard (D:3)
  8 goblins
  A hobgoblin zombie (D:6)
  21 kobolds
  A kobold zombie (D:6)
  6 rats
866 creatures vanquished.

Vanquished Creatures (collateral kills)
  An entropy weaver (Spider:1)
  A spectral death yak (Lair:5)
  A goliath frog (Swamp:1)
  2 orb spiders
  An obsidian statue (Lair:5)
  A wolf spider (Spider:2)
  An ice statue (D:10)
  2 elephants (Lair:4)
  A cane toad (Lair:5)
  A demonic crawler (Spider:2)
  2 blink frogs (Lair:4)
  A culicivora (Spider:1)
  A yak (Lair:4)
  A redback (Spider:1)
17 creatures vanquished.

Vanquished Creatures (others)
  A bloated husk (Swamp:3)
  A swamp worm (Swamp:3)
  A butterfly (D:10)
  14 foxfires
  55 fungi
  78 plants
  10 withered plants (Lair:5)
160 creatures vanquished.

Grand Total: 1043 creatures vanquished

Notes
Turn   | Place    | Note
-------+----------+-------------------------------------------
     0 | D:1      | qw the Gargoyle Berserker began the quest for the Orb.
     0 | D:1      | Reached XP level 1. HP: 14/14 MP: 1/1
     0 | D:1      | 0 ||| qw: Version: 0.1-a-104-g96f76f8
     0 | D:1      | 0 ||| qw: Game counter: 5981
     0 | D:1      | 0 ||| qw: Always use a shield: true
     0 | D:1      | 0 ||| qw: Do Orc after D:15 true
     0 | D:1      | 0 ||| qw: Do second Lair branch before Depths: true
     0 | D:1      | 0 ||| qw: Lair rune preference: random
     0 | D:1      | 0 ||| qw: Plans: Normal
     0 | D:1      | 0 ||| PLANNING D:1-11
    91 | D:1      | Reached skill level 3 in Axes
   278 | D:1      | Reached XP level 2. HP: 19/19 MP: 2/2
   290 | D:1      | 290 ||| INVOKING Berserk.
   306 | D:1      | 306 ||| Stepping ~*~*~tactically~*~*~ (stealth).
   308 | D:1      | 308 ||| Stepping ~*~*~tactically~*~*~ (stealth).
   546 | D:1      | 546 ||| DROPPING +0 club.
   745 | D:1      | Reached XP level 3. HP: 17/23 MP: 3/3
   752 | D:1      | 752 ||| INVOKING Berserk.
  1019 | D:1      | 1019 ||| UPGRADING to +0 leather armour.
  1029 | D:1      | 1029 ||| DROPPING +0 animal skin.
  1030 | D:1      | 1030 ||| READING scroll labelled ETEIHUYBLI.
  1031 | D:1      | 1031 ||| READING scroll labelled CION YTTETTYID.
  1032 | D:1      | 1032 ||| READING scroll labelled SIAPSIPHIS.
  1037 | D:1      | 1037 ||| DRINKING 2 golden potions.
  1038 | D:1      | 1038 ||| DROPPING potion of flight.
  1045 | D:2      | 1045 ||| STAIRDANCE
  1053 | D:2      | 1053 ||| STAIRDANCE
  1326 | D:2      | Noticed a phantom
  1338 | D:2      | 1338 ||| INVOKING Berserk.
  1340 | D:2      | HP: 7/34 [phantom (6)]
  1343 | D:2      | Killed a phantom
  1344 | D:2      | Reached skill level 4 in Axes
  1344 | D:2      | Reached XP level 4. HP: 9/28 MP: 4/4
  1635 | D:2      | Reached skill level 5 in Axes
  1717 | D:2      | Reached XP level 5. HP: 28/32 MP: 5/5
  1717 | D:2      | 1717 ||| FLEEEEING.
  1860 | D:2      | Noticed Natasha
  1861 | D:2      | 1861 ||| Stepping ~*~*~tactically~*~*~ (hiding).
  1865 | D:2      | 1865 ||| INVOKING Berserk.
  1872 | D:2      | Killed Natasha
  2150 | D:2      | 2150 ||| Stepping ~*~*~tactically~*~*~ (hiding).
  2156 | D:2      | 2156 ||| INVOKING Berserk.
  2206 | D:2      | 2206 ||| DROPPING +0 whip.
  2282 | D:2      | Noticed Natasha
  2283 | D:2      | 2283 ||| Stepping ~*~*~tactically~*~*~ (hiding).
  2289 | D:2      | 2289 ||| INVOKING Berserk.
  2292 | D:2      | Killed Natasha
  2308 | D:2      | Noticed Natasha
  2313 | D:2      | Killed Natasha
  2314 | D:2      | Reached XP level 6. HP: 26/38 MP: 6/6
  2424 | D:2      | 2424 ||| UPGRADING to +0 ring mail.
  2434 | D:2      | 2434 ||| DROPPING +0 leather armour.
  2435 | D:2      | 2435 ||| UPGRADING to +0 chain mail.
  2445 | D:2      | 2445 ||| DROPPING +0 ring mail.
  2446 | D:2      | 2446 ||| READING 3 scrolls labelled CODWUI XOVEMN.
  2447 | D:2      | 2447 ||| DRINKING 2 cyan potions.
  2499 | D:2      | 2499 ||| DRINKING 2 puce potions.
  2500 | D:2      | 2500 ||| DRINKING 2 fizzy green potions.
  2501 | D:2      | 2501 ||| DROPPING potion of lignification.
  2617 | D:3      | 2617 ||| INVOKING Berserk.
  2619 | D:3      | 2619 ||| INVOKING Berserk.
  2637 | D:3      | Reached skill level 6 in Axes
  2640 | D:3      | Reached ** piety under Trog
  2739 | D:3      | 2739 ||| Stepping ~*~*~tactically~*~*~ (stealth).
  2761 | D:3      | Found a faded altar of an unknown god.
  2879 | D:3      | Found a sparkling altar of Nemelex Xobeh.
  2880 | D:3      | 2880 ||| SWAPPING to +0 war axe.
  2881 | D:3      | 2881 ||| DROPPING +0 hand axe.
  3313 | D:3      | 3313 ||| READING 2 scrolls of identify.
  3313 | D:3      | 3313 ||| IDENTIFYING pink potion
  3358 | D:4      | Noticed Ijyb
  3361 | D:4      | 3361 ||| INVOKING Berserk.
  3367 | D:4      | Killed Ijyb
  3522 | D:4      | Found a basalt altar of Yredelemnul.
  3704 | D:4      | Reached XP level 7. HP: 25/43 MP: 7/7
  3843 | D:4      | Noticed Pikel
  3844 | D:4      | 3844 ||| Stepping ~*~*~tactically~*~*~ (hiding).
  3848 | D:4      | 3848 ||| INVOKING Berserk.
  3857 | D:4      | Killed Pikel
  3858 | D:4      | Reached skill level 8 in Axes
  3858 | D:4      | Reached XP level 8. HP: 48/48 MP: 8/8
  4436 | D:4      | Found a bloodstained altar of Trog.
  4728 | D:4      | Found a hazy altar of Hepliaklqana.
  4885 | D:4      | 4885 ||| UPGRADING to +0 helmet.
  4890 | D:4      | 4890 ||| UPGRADING to amulet of regeneration.
  4895 | D:4      | 4895 ||| READING scroll labelled JEFRYFULEM.
  4896 | D:4      | 4896 ||| READING 2 scrolls of identify.
  4896 | D:4      | 4896 ||| IDENTIFYING viscous purple potion
  4897 | D:4      | 4897 ||| DROPPING potion of brilliance.
  4946 | D:5      | Entered Level 5 of the Dungeon
  4947 | D:5      | 4947 ||| PLANNING SEWER
  5026 | D:5      | Noticed Menkaure
  5027 | D:5      | 5027 ||| INVOKING Berserk.
  5032 | D:5      | Killed Menkaure
  5183 | D:5      | 5183 ||| Stepping ~*~*~tactically~*~*~ (stealth).
  5191 | D:5      | 5191 ||| Stepping ~*~*~tactically~*~*~ (stealth).
  5203 | D:5      | 5203 ||| INVOKING Berserk.
  5365 | D:5      | 5365 ||| INVOKING Berserk.
  5369 | D:5      | Reached skill level 6 in Fighting
  5525 | D:5      | 5525 ||| RIP SEWER
  5529 | D:5      | 5529 ||| PLANNING D:1-11
  5624 | D:5      | Reached skill level 1 in Throwing
  5725 | D:5      | 5725 ||| Stepping ~*~*~tactically~*~*~ (stealth).
  5727 | D:5      | 5727 ||| Stepping ~*~*~tactically~*~*~ (stealth).
  5729 | D:5      | 5729 ||| Stepping ~*~*~tactically~*~*~ (stealth).
  5733 | D:5      | 5733 ||| Stepping ~*~*~tactically~*~*~ (stealth).
  5748 | D:5      | Found a snail-covered altar of Cheibriados.
  5800 | D:5      | Found a glowing golden altar of the Shining One.
  5876 | D:5      | Found a staircase to the Ecumenical Temple.
  5936 | D:5      | Reached XP level 9. HP: 55/55 MP: 9/9
  6056 | D:5      | 6056 ||| UPGRADING to +2 pair of gloves.
  6061 | D:5      | 6061 ||| UPGRADING to +0 cloak.
  6066 | D:5      | 6066 ||| UPGRADING to +6 ring of strength.
  6067 | D:5      | 6067 ||| READING 2 scrolls of identify.
  6067 | D:5      | 6067 ||| IDENTIFYING purple potion
  6068 | D:5      | 6068 ||| DROPPING potion of attraction.
  6094 | D:6      | 6094 ||| PLANNING OSSUARY
  6106 | D:6      | Reached skill level 9 in Axes
  6160 | D:6      | Found an ancient bone altar of Kikubaaqudgha.
  6164 | D:6      | Noticed Edmund
  6165 | D:6      | 6165 ||| INVOKING Berserk.
  6171 | D:6      | Killed Edmund
  6278 | D:6      | 6278 ||| DROPPING +0 flail.
  6306 | D:6      | 6306 ||| Stepping ~*~*~tactically~*~*~ (stealth).
  6316 | D:6      | 6316 ||| Stepping ~*~*~tactically~*~*~ (stealth).
  6327 | D:6      | 6327 ||| INVOKING Berserk.
  6524 | D:6      | Noticed Duvessa
  6524 | D:6      | Noticed Dowan
  6525 | D:6      | 6525 ||| Stepping ~*~*~tactically~*~*~ (hiding).
  6527 | D:6      | 6527 ||| INVOKING Berserk.
  6531 | D:6      | Killed Duvessa
  6536 | D:6      | Killed Dowan
  6748 | D:6      | 6748 ||| RIP OSSUARY
  6749 | D:6      | 6749 ||| PLANNING D:1-11
  6772 | D:6      | Reached *** piety under Trog
  6854 | D:6      | Found an iron altar of Okawaru.
  6857 | D:6      | 6857 ||| INVOKING Berserk.
  7012 | D:6      | Noticed Maggie
  7013 | D:6      | 7013 ||| Stepping ~*~*~tactically~*~*~ (hiding).
  7020 | D:6      | 7020 ||| FLEEEEING.
  7021 | D:6      | 7021 ||| FLEEEEING.
  7022 | D:6      | 7022 ||| FLEEEEING.
  7023 | D:6      | 7023 ||| FLEEEEING.
  7028 | D:6      | 7028 ||| Stepping ~*~*~tactically~*~*~ (hiding).
  7036 | D:6      | 7036 ||| Stepping ~*~*~tactically~*~*~ (hiding).
  7044 | D:6      | Killed Maggie
  7045 | D:6      | Reached skill level 10 in Axes
  7150 | D:6      | 7150 ||| READING 3 scrolls of identify.
  7150 | D:6      | 7150 ||| IDENTIFYING fizzy coppery potion
  7151 | D:6      | 7151 ||| DROPPING potion of degeneration.
  7199 | D:7      | 7199 ||| Stepping ~*~*~tactically~*~*~ (stealth).
  7201 | D:7      | 7201 ||| Stepping ~*~*~tactically~*~*~ (hiding).
  7210 | D:7      | 7210 ||| INVOKING Berserk.
  7369 | D:7      | 7369 ||| INVOKING Berserk.
  7483 | D:7      | Found a shimmering altar of Xom.
  7491 | D:7      | 7491 ||| Stepping ~*~*~tactically~*~*~ (stealth).
  7583 | D:7      | 7583 ||| INVOKING Berserk.
  7586 | D:7      | HP: 16/88 [gnoll/+0 halberd[a gnoll sergeant] (7)]
  7587 | D:7      | Reached XP level 10. HP: 17/64 MP: 10/10
  7589 | D:7      | Reached skill level 6 in Armour
  7591 | D:7      | HP: 17/96 [something (4)]
  7597 | D:7      | HP: 19/96 [gnoll/+0 spear[a gnoll sergeant] (2)]
  7606 | D:7      | HP: 14/64 [something (4)]
  7611 | D:7      | 7611 ||| DRINKING 4 potions of curing.
  7611 | D:7      | 7611 ||| (to cure confusion)
  8087 | D:7      | 8087 ||| UPGRADING to +2 buckler.
  8092 | D:7      | 8092 ||| UPGRADING to ring of willpower.
  8093 | D:7      | 8093 ||| DRINKING 2 fuming clear potions.
  8125 | D:8      | Reached skill level 1 in Shields
  8128 | D:8      | 8128 ||| FLEEEEING.
  8129 | D:8      | 8129 ||| FLEEEEING.
  8130 | D:8      | 8130 ||| FLEEEEING.
  8167 | D:8      | 8167 ||| INVOKING Berserk.
  8311 | D:8      | Found a hide-covered altar of Uskayaw.
  8330 | D:8      | Reached **** piety under Trog
  8331 | D:8      | Reached skill level 3 in Shields
  8360 | D:8      | 8360 ||| INVOKING Berserk.
  8417 | D:8      | 8417 ||| Stepping ~*~*~tactically~*~*~ (stealth).
  8437 | D:8      | 8437 ||| Stepping ~*~*~tactically~*~*~ (stealth).
  8454 | D:8      | 8454 ||| INVOKING Berserk.
  8600 | D:8      | Reached skill level 11 in Axes
  8602 | D:8      | Found a staircase to the Lair.
  8769 | D:8      | 8769 ||| FLEEEEING.
  8770 | D:8      | 8770 ||| FLEEEEING.
  8771 | D:8      | 8771 ||| FLEEEEING.
  8772 | D:8      | 8772 ||| FLEEEEING.
  8773 | D:8      | 8773 ||| FLEEEEING.
  8774 | D:8      | 8774 ||| FLEEEEING.
  8787 | D:8      | Reached skill level 9 in Fighting
  8842 | D:8      | Noticed Grum
  8846 | D:8      | 8846 ||| INVOKING Berserk.
  8856 | D:8      | Killed Grum
  8880 | D:8      | Reached XP level 11. HP: 57/71 MP: 11/11
  8897 | D:8      | Found a radiant altar of Vehumet.
  8981 | D:8      | Noticed Psyche
  8984 | D:8      | 8984 ||| INVOKING Berserk.
  8987 | D:8      | Killed Psyche
  9370 | D:8      | 9370 ||| PLANNING LAIR
  9370 | D:8      | 9370 ||| UPGRADING to +4 ring of protection.
  9372 | D:8      | 9372 ||| UPGRADING to +6 ring of strength.
  9374 | D:8      | 9374 ||| DROPPING ring of willpower.
  9375 | D:8      | 9375 ||| READING scroll labelled DUROXK SUIC.
  9434 | Lair:1   | Entered Level 1 of the Lair of Beasts
  9494 | Lair:1   | 9494 ||| INVOKING Berserk.
  9497 | Lair:1   | Reached skill level 12 in Axes
  9500 | Lair:1   | Reached skill level 6 in Shields
  9661 | Lair:1   | 9661 ||| Stepping ~*~*~tactically~*~*~ (stealth).
  9663 | Lair:1   | 9663 ||| Stepping ~*~*~tactically~*~*~ (stealth).
  9665 | Lair:1   | 9665 ||| Stepping ~*~*~tactically~*~*~ (stealth).
  9669 | Lair:1   | 9669 ||| INVOKING Berserk.
 10204 | Lair:2   | 10204 ||| INVOKING Berserk.
 10341 | Lair:2   | 10341 ||| Stepping ~*~*~tactically~*~*~ (stealth).
 10345 | Lair:2   | Noticed Harold
 10349 | Lair:2   | 10349 ||| INVOKING Berserk.
 10370 | Lair:2   | Reached skill level 13 in Axes
 10378 | Lair:2   | Killed Harold
 10397 | Lair:2   | Reached XP level 12. HP: 33/77 MP: 12/12
 10529 | Lair:2   | 10529 ||| Stepping ~*~*~tactically~*~*~ (stealth).
 10532 | Lair:2   | 10532 ||| Stepping ~*~*~tactically~*~*~ (stealth).
 10534 | Lair:2   | 10534 ||| Stepping ~*~*~tactically~*~*~ (stealth).
 10573 | Lair:2   | Reached ***** piety under Trog
 10608 | Lair:2   | 10608 ||| INVOKING Berserk.
 10935 | Lair:2   | 10935 ||| Stepping ~*~*~tactically~*~*~ (hiding).
 10940 | Lair:2   | 10940 ||| INVOKING Berserk.
 11051 | Lair:2   | 11051 ||| Stepping ~*~*~tactically~*~*~ (hiding).
 11060 | Lair:2   | HP: 13/77 [bog body (20)]
 11061 | Lair:2   | 11061 ||| READING 6 scrolls of teleportation.
 11062 | Lair:2   | 11062 ||| DRINKING 2 potions of heal wounds.
 11063 | Lair:2   | 11063 ||| INVOKING Berserk.
 11249 | Lair:2   | 11249 ||| Stepping ~*~*~tactically~*~*~ (hiding).
 11261 | Lair:2   | Reached skill level 14 in Axes
 11370 | Lair:2   | 11370 ||| INVOKING Berserk.
 11521 | Lair:2   | 11521 ||| DROPPING +2 vorpal flail.
 11626 | Lair:2   | 11626 ||| Stepping ~*~*~tactically~*~*~ (cloud).
 11628 | Lair:2   | 11628 ||| INVOKING Berserk.
 11769 | Lair:2   | Found a staircase to the Swamp.
 11777 | Lair:2   | HP: 2/79 [bog body (27)]
 11778 | Lair:2   | 11778 ||| READING 5 scrolls of teleportation.
 11779 | Lair:2   | 11779 ||| DRINKING potion of heal wounds.
 11780 | Lair:2   | 11780 ||| INVOKING Berserk.
 11999 | Lair:2   | 11999 ||| Stepping ~*~*~tactically~*~*~ (stealth).
 12008 | Lair:2   | 12008 ||| FLEEEEING.
 12009 | Lair:2   | 12009 ||| FLEEEEING.
 12010 | Lair:2   | 12010 ||| FLEEEEING.
 12011 | Lair:2   | 12011 ||| FLEEEEING.
 12012 | Lair:2   | 12012 ||| FLEEEEING.
 12226 | Lair:2   | 12226 ||| UPGRADING to +0 pair of boots.
 12231 | Lair:2   | 12231 ||| READING scroll labelled BYNUYCLAGEMP.
 12231 | Lair:2   | Identified a scroll of acquirement
 12231 | Lair:2   | 12231 ||| ACQUIRING +7 broad axe of Cikleple {venom, rElec
                  | Int+3}
 12231 | Lair:2   | Acquired the +7 broad axe of Cikleple {venom, rElec Int+3}
 12233 | Lair:2   | 12233 ||| SWAPPING to +7 broad axe of Cikleple {venom,
                  | rElec Int+3}.
 12234 | Lair:2   | 12234 ||| DROPPING +0 war axe.
 12235 | Lair:2   | 12235 ||| READING scroll labelled ZONICILI OXUR.
 12236 | Lair:2   | 12236 ||| READING 6 scrolls of identify.
 12236 | Lair:2   | 12236 ||| IDENTIFYING fizzy dark potion
 12237 | Lair:2   | 12237 ||| READING 5 scrolls of identify.
 12237 | Lair:2   | 12237 ||| IDENTIFYING amethyst potion
 12238 | Lair:2   | 12238 ||| READING 4 scrolls of identify.
 12238 | Lair:2   | 12238 ||| IDENTIFYING glowing red potion
 12239 | Lair:2   | 12239 ||| DROPPING potion of ambrosia.
 12240 | Lair:2   | 12240 ||| DROPPING potion of magic.
 12280 | Lair:3   | Noticed Amaemon
 12282 | Lair:3   | 12282 ||| Stepping ~*~*~tactically~*~*~ (hiding).
 12283 | Lair:3   | 12283 ||| Stepping ~*~*~tactically~*~*~ (hiding).
 12287 | Lair:3   | 12287 ||| INVOKING Berserk.
 12293 | Lair:3   | Killed Amaemon
 12403 | Lair:3   | 12403 ||| DROPPING +1 flail of venom.
 12482 | Lair:3   | Reached skill level 9 in Armour
 12510 | Lair:3   | 12510 ||| INVOKING Berserk.
 12683 | Lair:3   | 12683 ||| INVOKING Berserk.
 12805 | Lair:3   | 12805 ||| INVOKING Berserk.
 12809 | Lair:3   | Reached skill level 3 in Dodging
 13450 | Lair:3   | Found a hole to the Spider Nest.
 13478 | Lair:3   | 13478 ||| DROPPING +6 ring of intelligence.
 13591 | Lair:4   | Found an opulent altar of Gozag.
 13659 | Lair:4   | Reached XP level 13. HP: 76/84 MP: 13/13
 13689 | Lair:4   | 13689 ||| Stepping ~*~*~tactically~*~*~ (stealth).
 13692 | Lair:4   | 13692 ||| Stepping ~*~*~tactically~*~*~ (stealth).
 13702 | Lair:4   | 13702 ||| INVOKING Berserk.
 13710 | Lair:4   | Reached skill level 15 in Axes
 13810 | Lair:4   | 13810 ||| Stepping ~*~*~tactically~*~*~ (stealth).
 13875 | Lair:4   | 13875 ||| Stepping ~*~*~tactically~*~*~ (stealth).
 13877 | Lair:4   | 13877 ||| Stepping ~*~*~tactically~*~*~ (stealth).
 13878 | Lair:4   | 13878 ||| INVOKING Berserk.
 13902 | Lair:4   | Reached skill level 12 in Fighting
 14134 | Lair:4   | 14134 ||| Stepping ~*~*~tactically~*~*~ (stealth).
 14346 | Lair:4   | Found a viscous altar of Jiyva.
 14349 | Lair:4   | Found a staircase to the Slime Pits.
 14400 | Lair:4   | 14400 ||| Stepping ~*~*~tactically~*~*~ (stealth).
 14402 | Lair:4   | 14402 ||| Stepping ~*~*~tactically~*~*~ (stealth).
 14405 | Lair:4   | 14405 ||| Stepping ~*~*~tactically~*~*~ (stealth).
 14407 | Lair:4   | 14407 ||| INVOKING Berserk.
 14682 | Lair:4   | Reached skill level 16 in Axes
 14690 | Lair:4   | 14690 ||| INVOKING Berserk.
 15046 | Lair:4   | Noticed Josephine
 15049 | Lair:4   | 15049 ||| DROPPING ring of flight.
 15061 | Lair:4   | Killed Josephine
 15109 | Lair:5   | Entered Level 5 of the Lair of Beasts
 15111 | Lair:5   | 15111 ||| STAIRDANCE
 15129 | Lair:5   | 15129 ||| STAIRDANCE
 15139 | Lair:5   | 15139 ||| STAIRDANCE
 15145 | Lair:4   | Received a gift from Trog
 15147 | Lair:4   | 15147 ||| DROPPING +1 antimagic broad axe.
 15150 | Lair:5   | 15150 ||| STAIRDANCE
 15152 | Lair:4   | 15152 ||| INVOKING Brothers in Arms.
 15153 | Lair:4   | 15153 ||| INVOKING Berserk.
 15159 | Lair:4   | Gained mutation: Your large and strong wings let you fly.
                  | [Gargoyle growth]
 15159 | Lair:4   | Reached XP level 14. HP: 92/92 MP: 14/14
 15267 | Lair:5   | 15267 ||| STAIRDANCE
 15269 | Lair:4   | 15269 ||| INVOKING Brothers in Arms.
 15270 | Lair:4   | 15270 ||| INVOKING Berserk.
 15403 | Lair:5   | 15403 ||| STAIRDANCE
 15436 | Lair:5   | 15436 ||| STAIRDANCE
 15462 | Lair:5   | 15462 ||| STAIRDANCE
 15467 | Lair:4   | 15467 ||| INVOKING Berserk.
 15616 | Lair:5   | 15616 ||| STAIRDANCE
 15628 | Lair:4   | Reached skill level 17 in Axes
 15642 | Lair:5   | 15642 ||| STAIRDANCE
 15672 | Lair:5   | 15672 ||| STAIRDANCE
 15674 | Lair:4   | 15674 ||| INVOKING Brothers in Arms.
 15675 | Lair:4   | 15675 ||| INVOKING Berserk.
 15812 | Lair:5   | 15812 ||| STAIRDANCE
 15837 | Lair:5   | 15837 ||| STAIRDANCE
 15855 | Lair:5   | 15855 ||| STAIRDANCE
 16006 | Lair:5   | 16006 ||| Stepping ~*~*~tactically~*~*~ (stealth).
 16030 | Lair:5   | 16030 ||| Stepping ~*~*~tactically~*~*~ (stealth).
 16209 | Lair:5   | Noticed a dire elephant
 16209 | Lair:5   | Noticed a dire elephant
 16209 | Lair:5   | Noticed a dire elephant
 16211 | Lair:5   | Noticed a dire elephant
 16219 | Lair:5   | 16219 ||| INVOKING Brothers in Arms.
 16220 | Lair:5   | 16220 ||| INVOKING Brothers in Arms.
 16221 | Lair:5   | 16221 ||| INVOKING Brothers in Arms.
 16225 | Lair:5   | 16225 ||| INVOKING Berserk.
 16407 | Lair:5   | 16407 ||| INVOKING Berserk.
 16412 | Lair:5   | Killed a dire elephant
 16416 | Lair:5   | Killed a dire elephant
 16417 | Lair:5   | Killed a dire elephant
 16420 | Lair:5   | Killed a dire elephant
 16527 | Lair:5   | 16527 ||| INVOKING Brothers in Arms.
 16531 | Lair:5   | 16531 ||| INVOKING Berserk.
 16737 | Lair:5   | 16737 ||| Stepping ~*~*~tactically~*~*~ (stealth).
 16768 | Lair:5   | Identified the +6 scale mail "Vapn" {+Blink rN+ Slay-4}
 16980 | Lair:5   | 16980 ||| INVOKING Brothers in Arms.
 16986 | Lair:5   | 16986 ||| SWAPPING to +1 demon whip of venom.
 16987 | Lair:5   | 16987 ||| INVOKING Berserk.
 16993 | Lair:5   | Reached skill level 18 in Axes
 16993 | Lair:5   | Reached XP level 15. HP: 98/98 MP: 15/15
 17001 | Lair:5   | 17001 ||| SWAPPING to +7 broad axe of Cikleple {venom,
                  | rElec Int+3}.
 17148 | Lair:5   | 17148 ||| Stepping ~*~*~tactically~*~*~ (hiding).
 17362 | Lair:5   | 17362 ||| PLANNING D:1-11
 17362 | Lair:5   | 17362 ||| UPGRADING to +0 tower shield.
 17372 | Lair:5   | 17372 ||| DROPPING +2 buckler.
 17373 | Lair:5   | 17373 ||| DROPPING +6 scale mail "Vapn" {+Blink rN+
                  | Slay-4}.
 17374 | Lair:5   | 17374 ||| READING scroll labelled TOMNEF LEPTUDO.
 17375 | Lair:5   | 17375 ||| READING scroll labelled UNOMNE ARRUESH.
 17545 | D:9      | 17545 ||| Stepping ~*~*~tactically~*~*~ (stealth).
 17555 | D:9      | 17555 ||| Stepping ~*~*~tactically~*~*~ (stealth).
 17560 | D:9      | 17560 ||| Stepping ~*~*~tactically~*~*~ (stealth).
 17560 | D:9      | Identified the +2 trident of Ymeseh {vorpal, rN+}
 17561 | D:9      | 17561 ||| Stepping ~*~*~tactically~*~*~ (stealth).
 17563 | D:9      | 17563 ||| Stepping ~*~*~tactically~*~*~ (hiding).
 17602 | D:9      | 17602 ||| Stepping ~*~*~tactically~*~*~ (hiding).
 17604 | D:9      | 17604 ||| Stepping ~*~*~tactically~*~*~ (hiding).
 17617 | D:9      | 17617 ||| Stepping ~*~*~tactically~*~*~ (stealth).
 17619 | D:9      | 17619 ||| Stepping ~*~*~tactically~*~*~ (stealth).
 17621 | D:9      | 17621 ||| Stepping ~*~*~tactically~*~*~ (hiding).
 17622 | D:9      | 17622 ||| Stepping ~*~*~tactically~*~*~ (hiding).
 17638 | D:9      | 17638 ||| FLEEEEING.
 17639 | D:9      | 17639 ||| Stepping ~*~*~tactically~*~*~ (hiding).
 17646 | D:9      | Reached skill level 9 in Shields
 17713 | D:9      | 17713 ||| Stepping ~*~*~tactically~*~*~ (stealth).
 17745 | D:9      | 17745 ||| Stepping ~*~*~tactically~*~*~ (stealth).
 17746 | D:9      | 17746 ||| Stepping ~*~*~tactically~*~*~ (stealth).
 17748 | D:9      | 17748 ||| INVOKING Berserk.
 17873 | D:9      | 17873 ||| Stepping ~*~*~tactically~*~*~ (hiding).
 17874 | D:9      | 17874 ||| Stepping ~*~*~tactically~*~*~ (hiding).
 17875 | D:9      | 17875 ||| Stepping ~*~*~tactically~*~*~ (hiding).
 17876 | D:9      | 17876 ||| Stepping ~*~*~tactically~*~*~ (hiding).
 17877 | D:9      | 17877 ||| Stepping ~*~*~tactically~*~*~ (hiding).
 17895 | D:9      | 17895 ||| Stepping ~*~*~tactically~*~*~ (hiding).
 17897 | D:9      | 17897 ||| Stepping ~*~*~tactically~*~*~ (hiding).
 17937 | D:9      | 17937 ||| Stepping ~*~*~tactically~*~*~ (stealth).
 17954 | D:9      | 17954 ||| Stepping ~*~*~tactically~*~*~ (hiding).
 17955 | D:9      | 17955 ||| Stepping ~*~*~tactically~*~*~ (hiding).
 18089 | D:9      | 18089 ||| Stepping ~*~*~tactically~*~*~ (stealth).
 18110 | D:9      | 18110 ||| Stepping ~*~*~tactically~*~*~ (stealth).
 18112 | D:9      | 18112 ||| Stepping ~*~*~tactically~*~*~ (stealth).
 18118 | D:9      | 18118 ||| Stepping ~*~*~tactically~*~*~ (stealth).
 18124 | D:9      | 18124 ||| Stepping ~*~*~tactically~*~*~ (hiding).
 18135 | D:9      | Found a broken altar of Ashenzari.
 18200 | D:9      | 18200 ||| Stepping ~*~*~tactically~*~*~ (stealth).
 18202 | D:9      | 18202 ||| Stepping ~*~*~tactically~*~*~ (hiding).
 18203 | D:9      | 18203 ||| Stepping ~*~*~tactically~*~*~ (hiding).
 18272 | D:9      | 18272 ||| Stepping ~*~*~tactically~*~*~ (stealth).
 18304 | D:9      | 18304 ||| Stepping ~*~*~tactically~*~*~ (stealth).
 18318 | D:9      | 18318 ||| Stepping ~*~*~tactically~*~*~ (hiding).
 18764 | D:9      | 18764 ||| UPGRADING to +0 plate armour.
 18774 | D:9      | 18774 ||| DROPPING +0 chain mail.
 18775 | D:9      | 18775 ||| READING scroll labelled WEMESK MEDOQA.
 18794 | D:9      | 18794 ||| READING scroll labelled QIUSYLL ECOA.
 18944 | D:10     | Entered Level 10 of the Dungeon
 19086 | D:10     | Found a burning altar of Makhleb.
 19129 | D:10     | Found an opulent altar of Gozag.
 19163 | D:10     | Found a viscous altar of Jiyva.
 19168 | D:10     | Found Zuommou's Antique Weapon Shop.
 19180 | D:10     | 19180 ||| BUYING runed broad axe (126 gold).
 19180 | D:10     | Bought a runed broad axe for 126 gold pieces
 19180 | D:10     | 19180 ||| DROPPING +1 vorpal broad axe.
 19245 | D:10     | 19245 ||| READING scroll of enchant armour.
 19245 | D:10     | 19245 ||| ENCHANTING +0 helmet.
 19326 | D:10     | 19326 ||| Stepping ~*~*~tactically~*~*~ (stealth).
 19399 | D:10     | 19399 ||| Stepping ~*~*~tactically~*~*~ (stealth).
 19436 | D:10     | Found a white marble altar of Elyvilon.
 19458 | D:10     | 19458 ||| INVOKING Brothers in Arms.
 19501 | D:10     | 19501 ||| INVOKING Brothers in Arms.
 19512 | D:10     | 19512 ||| INVOKING Brothers in Arms.
 19513 | D:10     | 19513 ||| INVOKING Brothers in Arms.
 19514 | D:10     | 19514 ||| INVOKING Brothers in Arms.
 19515 | D:10     | 19515 ||| INVOKING Brothers in Arms.
 19516 | D:10     | 19516 ||| INVOKING Brothers in Arms.
 19519 | D:10     | 19519 ||| Stepping randomly (cloudy).
 19520 | D:10     | 19520 ||| Stepping ~*~*~tactically~*~*~ (cloud).
 19550 | D:10     | 19550 ||| INVOKING Brothers in Arms.
 19551 | D:10     | 19551 ||| INVOKING Brothers in Arms.
 19552 | D:10     | 19552 ||| INVOKING Brothers in Arms.
 19553 | D:10     | 19553 ||| Stepping ~*~*~tactically~*~*~ (cloud).
 19554 | D:10     | 19554 ||| INVOKING Brothers in Arms.
 19556 | D:10     | 19556 ||| INVOKING Berserk.
 19824 | D:10     | 19824 ||| INVOKING Brothers in Arms.
 20000 | D:10     | 20000 ||| READING 5 scrolls of identify.
 20000 | D:10     | 20000 ||| IDENTIFYING fuming orange potion
 20001 | D:10     | 20001 ||| DROPPING potion of berserk rage.
 20036 | D:11     | 20036 ||| STAIRDANCE
 20047 | D:11     | 20047 ||| STAIRDANCE
 20144 | D:11     | 20144 ||| Stepping ~*~*~tactically~*~*~ (stealth).
 20253 | D:11     | 20253 ||| Stepping randomly (disturbance).
 20538 | D:11     | 20538 ||| PLANNING D
 20538 | D:11     | 20538 ||| READING scroll labelled TOPUNO YRULLE.
 20539 | D:11     | 20539 ||| READING 3 scrolls labelled ANEUT QULADO.
 20540 | D:11     | 20540 ||| DROPPING 2 scrolls of immolation.
 20820 | D:12     | Found Wekitrao's Firing Range.
 20874 | D:12     | Found a runed translucent gate.
 20874 | D:12     | Found a runed translucent gate.
 20874 | D:12     | Found a runed translucent gate.
 20874 | D:12     | Noticed MackTheFife's ghost (journeyman OgFi)
 20918 | D:12     | Found a staircase to the Orcish Mines.
 20926 | D:12     | 20926 ||| SWAPPING to +1 demon whip of venom.
 20927 | D:12     | 20927 ||| INVOKING Berserk.
 20941 | D:12     | 20941 ||| SWAPPING to +7 broad axe of Cikleple {venom,
                  | rElec Int+3}.
 21051 | D:12     | 21051 ||| INVOKING Berserk.
 21064 | D:12     | Reached skill level 12 in Shields
 21080 | D:12     | HP: 18/98 [skeletal warrior/+0 trident (8)]
 21081 | D:12     | 21081 ||| READING 11 scrolls of teleportation.
 21082 | D:12     | 21082 ||| DRINKING potion of heal wounds.
 21209 | D:12     | 21209 ||| Stepping ~*~*~tactically~*~*~ (hiding).
 21568 | D:12     | 21568 ||| READING 10 scrolls of teleportation.
 21645 | D:13     | 21645 ||| STAIRDANCE
 21790 | D:13     | 21790 ||| Stepping randomly (disturbance).
 21884 | D:13     | 21884 ||| Stepping ~*~*~tactically~*~*~ (hiding).
 21922 | D:13     | 21922 ||| Stepping ~*~*~tactically~*~*~ (hiding).
 21925 | D:13     | 21925 ||| Stepping ~*~*~tactically~*~*~ (hiding).
 22312 | D:13     | 22312 ||| READING scroll labelled VOBRAMN ROKUZA.
 22348 | D:14     | 22348 ||| SWAPPING to +1 demon whip of venom.
 22349 | D:14     | 22349 ||| INVOKING Berserk.
 22358 | D:14     | 22358 ||| SWAPPING to +7 broad axe of Cikleple {venom,
                  | rElec Int+3}.
 22481 | D:14     | 22481 ||| INVOKING Berserk.
 22496 | D:14     | Reached skill level 3 in Throwing
 22498 | D:14     | 22498 ||| INVOKING Trog's Hand.
 22746 | D:14     | 22746 ||| Stepping ~*~*~tactically~*~*~ (hiding).
 22747 | D:14     | 22747 ||| Stepping ~*~*~tactically~*~*~ (hiding).
 22767 | D:14     | 22767 ||| Stepping ~*~*~tactically~*~*~ (stealth).
 22775 | D:14     | 22775 ||| Stepping ~*~*~tactically~*~*~ (stealth).
 22776 | D:14     | 22776 ||| Stepping ~*~*~tactically~*~*~ (stealth).
 22778 | D:14     | 22778 ||| FLEEEEING.
 22779 | D:14     | 22779 ||| FLEEEEING.
 22780 | D:14     | 22780 ||| FLEEEEING.
 22817 | D:14     | Found an ancient bone altar of Kikubaaqudgha.
 22823 | D:14     | 22823 ||| Stepping ~*~*~tactically~*~*~ (stealth).
 22854 | D:14     | 22854 ||| Stepping ~*~*~tactically~*~*~ (hiding).
 22858 | D:14     | 22858 ||| INVOKING Berserk.
 22894 | D:14     | Reached XP level 16. HP: 46/104 MP: 16/16
 22999 | D:14     | Found a bloodstained altar of Trog.
 23068 | D:14     | 23068 ||| Stepping ~*~*~tactically~*~*~ (hiding).
 23087 | D:14     | Found a gate to the Vaults.
 23284 | D:14     | 23284 ||| READING 7 scrolls of identify.
 23284 | D:14     | 23284 ||| IDENTIFYING red potion
 23285 | D:14     | 23285 ||| DROPPING potion of invisibility.
 23322 | D:15     | Entered Level 15 of the Dungeon
 23364 | D:15     | 23364 ||| Stepping ~*~*~tactically~*~*~ (hiding).
 23530 | D:15     | Noticed Roxanne
 23533 | D:15     | 23533 ||| INVOKING Berserk.
 23548 | D:15     | Killed Roxanne
 23549 | D:15     | Reached skill level 15 in Shields
 23684 | D:15     | 23684 ||| Stepping ~*~*~tactically~*~*~ (stealth).
 23749 | D:15     | 23749 ||| Stepping ~*~*~tactically~*~*~ (hiding).
 23753 | D:15     | 23753 ||| INVOKING Trog's Hand.
 23760 | D:15     | Found a staircase to the Depths.
 23897 | D:15     | 23897 ||| Stepping ~*~*~tactically~*~*~ (stealth).
 23991 | D:15     | 23991 ||| Stepping ~*~*~tactically~*~*~ (stealth).
 23991 | D:15     | Noticed Kirke
 23992 | D:15     | 23992 ||| INVOKING Trog's Hand.
 23999 | D:15     | 23999 ||| Stepping ~*~*~tactically~*~*~ (hiding).
 24000 | D:15     | 24000 ||| INVOKING Berserk.
 24005 | D:15     | Noticed a sphinx
 24006 | D:15     | Killed Kirke
 24413 | D:15     | 24413 ||| PLANNING ORC
 24413 | D:15     | 24413 ||| READING scroll labelled KILYX YRYHIX.
 24414 | D:15     | 24414 ||| READING scroll labelled TAZESCHOREN.
 24534 | Orc:1    | Entered Level 1 of the Orcish Mines
 24536 | Orc:1    | 24536 ||| INVOKING Trog's Hand.
 24540 | Orc:1    | 24540 ||| INVOKING Berserk.
 24687 | Orc:1    | 24687 ||| Stepping ~*~*~tactically~*~*~ (stealth).
 24707 | Orc:1    | 24707 ||| Stepping ~*~*~tactically~*~*~ (stealth).
 24708 | Orc:1    | 24708 ||| Stepping ~*~*~tactically~*~*~ (stealth).
 24737 | Orc:1    | 24737 ||| INVOKING Trog's Hand.
 24740 | Orc:1    | 24740 ||| INVOKING Berserk.
 24875 | Orc:1    | Paralysed by an orc sorcerer for 4 turns
 24879 | Orc:1    | 24879 ||| Stepping ~*~*~tactically~*~*~ (hiding).
 24880 | Orc:1    | 24880 ||| Stepping ~*~*~tactically~*~*~ (hiding).
 24884 | Orc:1    | 24884 ||| INVOKING Trog's Hand.
 24885 | Orc:1    | 24885 ||| INVOKING Berserk.
 25232 | Orc:2    | Entered Level 2 of the Orcish Mines
 25236 | Orc:2    | 25236 ||| STAIRDANCE
 25287 | Orc:2    | Found a staircase to the Elven Halls.
 25395 | Orc:2    | 25395 ||| Stepping ~*~*~tactically~*~*~ (stealth).
 25401 | Orc:2    | 25401 ||| Stepping ~*~*~tactically~*~*~ (stealth).
 25405 | Orc:2    | 25405 ||| Stepping ~*~*~tactically~*~*~ (hiding).
 25484 | Orc:2    | 25484 ||| INVOKING Berserk.
 25757 | Orc:2    | 25757 ||| INVOKING Berserk.
 25779 | Orc:2    | 25779 ||| INVOKING Trog's Hand.
 25781 | Orc:2    | HP: 23/104 [orc priest/divine providence (12)]
 25782 | Orc:2    | 25782 ||| READING 10 scrolls of teleportation.
 25783 | Orc:2    | 25783 ||| DRINKING 2 potions of heal wounds.
 25839 | Orc:2    | 25839 ||| INVOKING Trog's Hand.
 25840 | Orc:2    | 25840 ||| INVOKING Berserk.
 25911 | Orc:2    | Found Belumail's Antique Weapon Boutique.
 25911 | Orc:2    | Found Ufiom's Book Shop.
 25914 | Orc:2    | Found Veimnex's Distillery.
 25914 | Orc:2    | Found Qyhayn's Jewellery Shop.
 25930 | Orc:2    | 25930 ||| BUYING 2 potions of curing (108 gold).
 25930 | Orc:2    | Bought 2 potions of curing for 108 gold pieces
 25930 | Orc:2    | 25930 ||| BUYING potion of curing (54 gold).
 25930 | Orc:2    | Bought a potion of curing for 54 gold pieces
 25930 | Orc:2    | 25930 ||| BUYING potion of haste (180 gold).
 25930 | Orc:2    | Bought a potion of haste for 180 gold pieces
 25931 | Orc:2    | 25931 ||| BUYING +4 ring of evasion (432 gold).
 25931 | Orc:2    | Bought a +4 ring of evasion for 432 gold pieces
 25931 | Orc:2    | 25931 ||| BUYING ring of Qoenonum {Ice Str+10 Dex+4} (736
                  | gold).
 25931 | Orc:2    | Bought the ring of Qoenonum {Ice Str+10 Dex+4} for 736 gold
                  | pieces
 26146 | Orc:2    | 26146 ||| UPGRADING to +4 plate armour.
 26156 | Orc:2    | 26156 ||| DROPPING +0 plate armour.
 26157 | Orc:2    | 26157 ||| UPGRADING to +4 ring of evasion.
 26159 | Orc:2    | 26159 ||| UPGRADING to ring of Qoenonum {Ice Str+10 Dex+4}.
 26161 | Orc:2    | 26161 ||| DROPPING +6 ring of strength.
 26240 | Orc:1    | 26240 ||| Stepping ~*~*~tactically~*~*~ (stealth).
 26246 | Orc:1    | 26246 ||| INVOKING Berserk.
 26381 | Orc:1    | 26381 ||| Stepping ~*~*~tactically~*~*~ (stealth).
 26452 | Orc:1    | 26452 ||| PLANNING SWAMP:1-3
 26698 | Swamp:1  | Entered Level 1 of the Swamp
 26730 | Swamp:1  | 26730 ||| INVOKING Brothers in Arms.
 26732 | Swamp:1  | 26732 ||| SWAPPING to +1 demon whip of venom.
 26733 | Swamp:1  | 26733 ||| INVOKING Berserk.
 26748 | Swamp:1  | 26748 ||| SWAPPING to +7 broad axe of Cikleple {venom,
                  | rElec Int+3}.
 26922 | Swamp:1  | 26922 ||| Stepping ~*~*~tactically~*~*~ (hiding).
 26925 | Swamp:1  | 26925 ||| INVOKING Berserk.
 27045 | Swamp:1  | 27045 ||| Stepping ~*~*~tactically~*~*~ (hiding).
 27047 | Swamp:1  | 27047 ||| Stepping ~*~*~tactically~*~*~ (hiding).
 27049 | Swamp:1  | 27049 ||| Stepping ~*~*~tactically~*~*~ (hiding).
 27216 | Swamp:1  | Reached skill level 6 in Throwing
 27251 | Swamp:1  | 27251 ||| Stepping ~*~*~tactically~*~*~ (hiding).
 27252 | Swamp:1  | 27252 ||| Stepping ~*~*~tactically~*~*~ (hiding).
 27257 | Swamp:1  | 27257 ||| INVOKING Berserk.
 27269 | Swamp:1  | 27269 ||| Stepping ~*~*~tactically~*~*~ (hiding).
 27692 | Swamp:2  | 27692 ||| STAIRDANCE
 27694 | Swamp:1  | 27694 ||| INVOKING Berserk.
 27807 | Swamp:2  | 27807 ||| STAIRDANCE
 27809 | Swamp:1  | 27809 ||| INVOKING Berserk.
 27921 | Swamp:2  | 27921 ||| STAIRDANCE
 27931 | Swamp:2  | 27931 ||| INVOKING Berserk.
 27957 | Swamp:2  | 27957 ||| FLEEEEING.
 27960 | Swamp:2  | 27960 ||| STAIRDANCE
 28083 | Swamp:2  | 28083 ||| Stepping ~*~*~tactically~*~*~ (cloud).
 28129 | Swamp:2  | 28129 ||| SWAPPING to +1 demon whip of venom.
 28130 | Swamp:2  | 28130 ||| INVOKING Berserk.
 28144 | Swamp:2  | 28144 ||| SWAPPING to +7 broad axe of Cikleple {venom,
                  | rElec Int+3}.
 28316 | Swamp:2  | 28316 ||| Stepping ~*~*~tactically~*~*~ (hiding).
 28438 | Swamp:2  | Identified the +1 leather armour "Enaleah" {rN+ Dex+2}
 28500 | Swamp:2  | 28500 ||| Stepping ~*~*~tactically~*~*~ (hiding).
 28503 | Swamp:2  | 28503 ||| INVOKING Berserk.
 28728 | Swamp:3  | 28728 ||| Stepping ~*~*~tactically~*~*~ (hiding).
 28943 | Swamp:3  | 28943 ||| INVOKING Brothers in Arms.
 28944 | Swamp:3  | 28944 ||| INVOKING Brothers in Arms.
 28945 | Swamp:3  | 28945 ||| INVOKING Brothers in Arms.
 28946 | Swamp:3  | 28946 ||| SWAPPING to +1 demon whip of venom.
 28947 | Swamp:3  | 28947 ||| INVOKING Berserk.
 28970 | Swamp:3  | 28970 ||| SWAPPING to +7 broad axe of Cikleple {venom,
                  | rElec Int+3}.
 29058 | Swamp:3  | 29058 ||| Stepping ~*~*~tactically~*~*~ (stealth).
 29060 | Swamp:3  | 29060 ||| Stepping ~*~*~tactically~*~*~ (hiding).
 29066 | Swamp:3  | 29066 ||| SWAPPING to +1 demon whip of venom.
 29067 | Swamp:3  | 29067 ||| INVOKING Berserk.
 29073 | Swamp:3  | Reached XP level 17. HP: 108/108 MP: 17/17
 29077 | Swamp:3  | 29077 ||| SWAPPING to +7 broad axe of Cikleple {venom,
                  | rElec Int+3}.
 29218 | Swamp:3  | 29218 ||| Stepping ~*~*~tactically~*~*~ (hiding).
 29221 | Swamp:3  | 29221 ||| INVOKING Berserk.
 29225 | Swamp:3  | Reached skill level 12 in Armour
 29450 | Swamp:3  | 29450 ||| Stepping ~*~*~tactically~*~*~ (stealth).
 29510 | Swamp:3  | 29510 ||| Stepping ~*~*~tactically~*~*~ (hiding).
 29573 | Swamp:3  | 29573 ||| Stepping ~*~*~tactically~*~*~ (hiding).
 29692 | Swamp:3  | 29692 ||| PLANNING SPIDER:1-3
 29692 | Swamp:3  | 29692 ||| DROPPING ring of ice.
 29693 | Swamp:3  | 29693 ||| READING 10 scrolls of identify.
 29693 | Swamp:3  | 29693 ||| IDENTIFYING sedimented black potion
 29833 | Spider:1 | Entered Level 1 of the Spider Nest
 29861 | Spider:1 | 29861 ||| Stepping ~*~*~tactically~*~*~ (stealth).
 29862 | Spider:1 | 29862 ||| Stepping ~*~*~tactically~*~*~ (stealth).
 29906 | Spider:1 | 29906 ||| READING scroll of enchant armour.
 29906 | Spider:1 | 29906 ||| ENCHANTING +1 helmet.
 29966 | Spider:1 | 29966 ||| Stepping ~*~*~tactically~*~*~ (stealth).
 29977 | Spider:1 | 29977 ||| DRINKING 15 potions of curing.
 29977 | Spider:1 | 29977 ||| (to cure confusion)
 29983 | Spider:1 | 29983 ||| Stepping ~*~*~tactically~*~*~ (stealth).
 29984 | Spider:1 | 29984 ||| Stepping ~*~*~tactically~*~*~ (stealth).
 29995 | Spider:1 | 29995 ||| INVOKING Brothers in Arms.
 30051 | Spider:1 | 30051 ||| READING scroll of enchant armour.
 30051 | Spider:1 | 30051 ||| ENCHANTING +0 pair of boots.
 30114 | Spider:1 | 30114 ||| Stepping ~*~*~tactically~*~*~ (stealth).
 30192 | Spider:1 | 30192 ||| Stepping ~*~*~tactically~*~*~ (stealth).
 30194 | Spider:1 | 30194 ||| Stepping ~*~*~tactically~*~*~ (stealth).
 30203 | Spider:1 | Noticed Mlioglotl
 30204 | Spider:1 | 30204 ||| INVOKING Brothers in Arms.
 30205 | Spider:1 | Noticed Nikola
 30209 | Spider:1 | 30209 ||| INVOKING Berserk.
 30217 | Spider:1 | Noticed Azrael
 30218 | Spider:1 | Noticed a tentacled starspawn
 30218 | Spider:1 | Noticed a tentacled starspawn
 30218 | Spider:1 | Killed Mlioglotl
 30222 | Spider:1 | Killed Nikola
 30224 | Spider:1 | HP: 37/162 [Azrael/fireball (55)]
 30226 | Spider:1 | Killed Azrael
 30233 | Spider:1 | HP: 25/108 [fire elemental[Azrael] (4)]
 30234 | Spider:1 | 30234 ||| READING 12 scrolls of teleportation.
 30235 | Spider:1 | 30235 ||| DRINKING potion of heal wounds.
 30479 | Spider:1 | 30479 ||| INVOKING Berserk.
 30595 | Spider:1 | 30595 ||| Stepping ~*~*~tactically~*~*~ (stealth).
 30596 | Spider:1 | 30596 ||| Stepping ~*~*~tactically~*~*~ (stealth).
 30731 | Spider:1 | 30731 ||| DROPPING amulet of faith.
 30763 | Spider:2 | Found a transporter.
 30792 | Spider:2 | Noticed qw's ghost (adept MiBe)
 30803 | Spider:2 | Found a transporter.
 30814 | Spider:2 | 30814 ||| READING 11 scrolls of teleportation.
 30816 | Spider:2 | Identified the +0 kite shield of the Slug {+Blink Str+3}
 30816 | Spider:2 | Noticed Donald
 30817 | Spider:2 | 30817 ||| INVOKING Berserk.
 30824 | Spider:2 | Killed Donald
 30919 | Spider:2 | 30919 ||| Stepping ~*~*~tactically~*~*~ (stealth).
 30924 | Spider:2 | 30924 ||| INVOKING Brothers in Arms.
 30926 | Spider:2 | 30926 ||| INVOKING Berserk.
 30927 | Spider:2 | HP: 30/162 [meliai/divine providence (14)]
 30935 | Spider:2 | HP: 32/162 [demonic crawler[a torpor snail] (3)]
 30948 | Spider:2 | HP: 24/108 [wolf spider (8)]
 30949 | Spider:2 | 30949 ||| READING 10 scrolls of teleportation.
 30966 | Spider:2 | Noticed Asterion
 30967 | Spider:2 | 30967 ||| INVOKING Brothers in Arms.
 30968 | Spider:2 | 30968 ||| INVOKING Brothers in Arms.
 30970 | Spider:2 | HP: 14/108 [balrug/bolt of fire[Asterion] (21)]
 30971 | Spider:2 | 30971 ||| READING 9 scrolls of teleportation.
 30971 | Spider:2 | HP: 4/108 [balrug/divine providence[Asterion] (11)]
 30972 | Spider:2 | Killed from afar by a balrug

Levels and vault maps discovered:
D:1:      dpeg_arrival_rooms_a, layout_rooms
D:2:      layout_loops_ring, uniq_natasha
D:3:      layout_basic, nemelex_diamond_rough_becter,
          shapermc_ecumenical_altar_mp_urbaneastern, serial_forest,
          infiniplex_forest_zigzag_2, infiniplex_forest_lined_corner,
          infiniplex_forest_lined_3_way, infiniplex_forest_corner_1,
          infiniplex_forest_side_room
D:4:      layout_basic, marbit_many_paths, lemuel_doored_altar,
          mainiacjoe_overflow_surrounded_room, uniq_ijyb, uniq_pikel
D:5:      layout_loops_ring, mainiacjoe_overflow_catwalk_spiral,
          minmay_temple_entry_proselytizer, portal_sewer_entry_a, uniq_menkaure
D:6:      layout_rooms, mainiacjoe_overflow_alcove_1, old_standard_altar,
          nicolae_ossuary_entry_giza, kennysheep_potato, uniq_edmund,
          uniq_maggie, uniq_duvessa
D:7:      layout_basic, xom_butterflies
D:8:      layout_basic, nicolae_overflow_crystal_walls,
          mainiacjoe_overflow_catwalk, due_lair_maze_entry_diamond, uniq_grum,
          uniq_psyche
D:9:      hangedman_cross_cluster, layout_small_grid, evilmike_ruin_ashenzari,
          grunt_decor_junction, minmay_misc_feat_iff
D:10:     minmay_separated_statues, layout_grid_maze, old_standard_altar,
          nicolae_elyvilon_peaceful_grove, mainiacjoe_overflow_paths,
          serial_shops, shop_fountains, jiyva_altar_1
D:11:     layout_gridville
D:12:     layout_roguey, orc_0_dummy, gammafunk_ghost_hydra_chop,
          nicolae_shop_firing_range
D:13:     layout_loops_ring, skrybe_limestone_x
D:14:     layout_roguey, david_vaults_2, nicolae_kikubaaqudgha_miasma_corner,
          trog_hazing_becter
D:15:     gammafunk_enter_depths_forms, layout_loops_ring, uniq_roxanne,
          uniq_kirke
Lair:1:   layout_hall_layers, lemuel_fruit_fields, grunt_megastairs_4,
          infiniplex_staircase_pool
Lair:2:   layout_cave_shapes, nicolae_swamp_entry_splash_gauntlet, uniq_harold
Lair:3:   layout_loops_ring, spider_nest_entry_funnel_web,
          infiniplex_staircase_pool_2, uniq_amaemon
Lair:4:   slaughterhouse, layout_regular_city, minmay_slime_entry_jelly_boxes,
          basic_altar, beast_lair_carwin_7, uniq_josephine
Lair:5:   due_jungle_book, layout_misc_corridors, portal_ice_cave_rime,
          grunt_megastairs_5, lemuel_fruit_tree, serial_bayou_shore_b
Swamp:1:  layout_basic_swamp, serial_swamp_ruin, evilmike_swamp_ruin_rubble_1,
          evilmike_swamp_ruin_house_5
Swamp:2:  layout_falls_marsh, hangedman_swamp_cone, swamp_pool3
Swamp:3:  layout_basic_swamp, evilmike_swamp_ruin_house_1, swamp_pool4
Spider:1: layout_spider_delve, uniq_mlioglotl, uniq_nikola, uniq_azrael
Spider:2: layout_spider_delve, nzn_ghost_randoct, uniq_asterion, uniq_donald
Orc:1:    layout_diamond_mine, hellmonk_bongcloud_opening
Orc:2:    st_orc_mages, layout_diamond_mine, basic_altar

Skill      XL: |  1  2  3  4  5  6  7  8  9 10 11 12 13 14 15 16 17 |
---------------+----------------------------------------------------+-----
Axes           | 3 4 5 6 8 10 11 13 14 16 18 | 18.0
Fighting       | 4 6 8 9 10 11 12 13 | 13.0
Armour         | 4 5 7 8 9 10 11 13 | 13.1
Throwing       | 1 3 6 |  6.3
Dodging        | 2 3 4 5 |  5.1
Shields        | 5 6 7 8 14 16 17 | 17.8

Action                   |  1- 3 |  4- 6 |  7- 9 | 10-12 | 13-15 | 16-18 || total
-------------------------+-------+-------+-------+-------+-------+-------++-------
Melee: Hand axe          |   106 |   115 |       |       |       |       ||   221
       Punch             |       |     1 |       |       |       |       ||     1
       War axe           |       |    52 |   277 |   507 |       |       ||   836
       Broad axe         |       |       |       |    82 |   882 |   608 ||  1572
       Demon whip        |       |       |       |       |    16 |    44 ||    60
Throw: Boomerang         |       |       |    35 |       |    12 |    42 ||    89
       Javelin           |       |       |       |       |    42 |    51 ||    93
Invok: Berserk           |     3 |     5 |    11 |    19 |    19 |    24 ||    81
       Brothers in Arms  |       |       |       |       |    11 |     6 ||    17
       Trog's Hand       |       |       |       |       |     1 |     7 ||     8
  Use: Scroll            |     3 |     2 |     4 |     8 |    11 |    11 ||    39
       Potion            |     1 |     3 |       |     4 |     1 |     3 ||    12
 Stab: Distracted        |       |       |       |       |     2 |     1 ||     3
Armor: Animal skin       |    43 |       |       |       |       |       ||    43
       Leather armour    |    10 |    21 |       |       |       |       ||    31
       Chain mail        |       |    52 |   141 |   465 |   353 |       ||  1011
       Plate armour      |       |       |       |       |   159 |   295 ||   454
Dodge: Dodged            |    94 |    63 |   112 |   284 |   227 |   194 ||   974
Block: Buckler           |       |       |       |   217 |   167 |       ||   384
       Tower shield      |       |       |       |       |   273 |   480 ||   753

Table legend:
 A = Non-vault XP
 B = Vault XP
 C = Vault XP percentage of total XP
 D = Non-vault monster count
 E = Vault monster count
 F = Vault count percentage of total count
                 A         B        C        D         E       F
            +---------+---------+-------+---------+---------+-------
      Total |  149422 |   68470 |  31.4 |     656 |     226 |  25.6
            +---------+---------+-------+---------+---------+-------
        D:1 |      36 |       0 |   0.0 |      22 |       0 |   0.0
        D:2 |     273 |      35 |  11.4 |      22 |       1 |   4.3
        D:3 |     154 |       0 |   0.0 |      22 |       0 |   0.0
        D:4 |     278 |     688 |  71.2 |      18 |       3 |  14.3
        D:5 |     671 |     232 |  25.7 |      19 |       6 |  24.0
        D:6 |     706 |     881 |  55.5 |      17 |       9 |  34.6
        D:7 |    1112 |       0 |   0.0 |      30 |       0 |   0.0
        D:8 |    2342 |    2214 |  48.6 |      25 |      14 |  35.9
        D:9 |    2153 |    7393 |  77.4 |      29 |      22 |  43.1
       D:10 |    2475 |    1528 |  38.2 |      27 |       6 |  18.2
       D:11 |    2079 |       0 |   0.0 |       8 |       0 |   0.0
       D:12 |    8116 |       6 |   0.1 |      26 |       3 |  10.3
       D:13 |    6762 |       0 |   0.0 |      17 |       0 |   0.0
       D:14 |   14767 |    1636 |  10.0 |      30 |       9 |  23.1
       D:15 |    2939 |    7777 |  72.6 |       6 |      14 |  70.0
     Lair:1 |    4864 |     151 |   3.0 |      23 |       1 |   4.2
     Lair:2 |    6973 |    3809 |  35.3 |      30 |       7 |  18.9
     Lair:3 |    4098 |    1689 |  29.2 |      19 |       5 |  20.8
     Lair:4 |   21295 |   13992 |  39.7 |      66 |      52 |  44.1
     Lair:5 |    6641 |   14053 |  67.9 |      23 |      26 |  53.1
    Swamp:1 |   11951 |       0 |   0.0 |      26 |       0 |   0.0
    Swamp:2 |    8659 |       0 |   0.0 |      16 |       0 |   0.0
    Swamp:3 |   10841 |       0 |   0.0 |      20 |       0 |   0.0
   Spider:1 |   14766 |    5632 |  27.6 |      45 |       7 |  13.5
   Spider:2 |    8431 |    1341 |  13.7 |      21 |       1 |   4.5
      Orc:1 |    4025 |       0 |   0.0 |      29 |       0 |   0.0
      Orc:2 |    2015 |    5413 |  72.9 |      20 |      40 |  66.7
            +---------+---------+-------+---------+---------+-------
